Map: Prion Terraces

Players

AlphaGo (Jieshi)

  • Race: Protoss Protoss
  • League: Grandmaster

星际卡卡西 - Winner!

  • Race: Zerg Zerg
  • League: Grandmaster

VOD

Have the link to the VOD?

Description

Time

  • Played on: May 20, 2016, 10:14 a.m.
  • Length: 11:35
Show
View Real Time Build Order
Export as new Build Order

AlphaGo Protoss 

Build Orders: 1 Gate Expand 

Get SALT Encoding   

  12  0:01  Probe (Chrono Boost)  
  13  0:11  Probe (Chrono Boost)  
  14  0:17  Pylon  
  14  0:22  Probe (Chrono Boost)  
  15  0:36  Probe (Chrono Boost), Gateway  
  16  0:46  Assimilator, Probe (Chrono Boost)  
  18  0:57  Probe (Chrono Boost)  
  18  1:07  Probe (Chrono Boost)  
  19  1:18  Probe (Chrono Boost)  
  20  1:23  Nexus  
  20  1:32  Cybernetics Core  
  20  1:36  Probe (Chrono Boost)  
  21  1:42  Assimilator  
  21  1:46  Probe (Chrono Boost)  
  22  1:51  Pylon  
  22  1:57  Probe (Chrono Boost)  
  23  2:09  Adept, Warp Gate, Probe (Chrono Boost)  
  26  2:20  Probe (Chrono Boost)  
  26  2:21  Twilight Council  
  27  2:30  Probe (Chrono Boost)  
  27  2:36  Probe (Chrono Boost)  
  31  2:37  Adept  
  31  2:41  Probe (Chrono Boost)  
  32  2:46  Probe (Chrono Boost)  
  32  2:50  Pylon  
  33  2:52  Probe (Chrono Boost)  
  33  2:56  Probe (Chrono Boost)  
  33  2:58  Resonating Glaives (Chrono Boost)  
  35  3:02  Probe  
  36  3:07  Probe  
  36  3:11  Gateway  
  37  3:15  Gateway  
  37  3:18  Probe  
  37  3:19  Probe  
  38  3:29  Probe  
  38  3:32  Mothership Core  
  41  3:39  Probe  
  42  3:42  Robotics Facility  
  42  3:43  Pylon  
  42  3:49  Pylon  
  42  3:50  Probe  
  42  3:53  Probe  
  44  4:00  Probe  
  44  4:02  Pylon  
  45  4:05  Probe  
  45  4:08  Nexus  
  46  4:11  Probe  
  46  4:12  Adept  
  46  4:13  Adept  
  46  4:16  Pylon  
  51  4:17  Probe  
  51  4:21  Probe  
  52  4:27  Assimilator  
  52  4:29  Assimilator, Probe  
  52  4:30  Warp Prism (Chrono Boost)  
  55  4:32  Probe  
  55  4:35  Sentry x2  
  55  4:36  Sentry  
  62  4:41  Probe  
  62  4:42  Probe  
  62  4:44  Pylon  
  64  4:47  Pylon  
  64  4:53  Probe x2  
  66  5:01  Pylon  
  66  5:02  Immortal (Chrono Boost)  
  70  5:12  Probe, Robotics Facility  
  71  5:14  Probe, Pylon  
  71  5:19  Probe  
  73  5:23  Blink (Chrono Boost), Gateway  
  73  5:27  Gateway  
  73  5:33  Adept x3  
  77  5:45  Probe  
  77  5:47  Immortal (Chrono Boost)  
  82  5:53  Adept x2  
  82  5:54  Adept  
  82  5:57  Probe  
  85  6:07  Immortal (Chrono Boost)  
  85  6:09  Probe  
  84  6:15  Gateway  
  84  6:17  Stalker x2  
  80  6:18  Probe  
  80  6:19  Probe, Stalker  
  80  6:21  Probe  
  80  6:23  Pylon  
  80  6:24  Stalker, Sentry  
  89  6:38  Gateway  
  89  6:39  Gateway  
  89  6:40  Stalker x2  
  91  7:02  Adept x3  
  91  7:05  Adept x2  
  91  7:09  Probe  
  91  7:13  Gateway  
  91  7:15  Gateway  
  80  7:19  Stalker  
  82  7:22  Stalker  
  82  7:23  Stalker  
  82  7:25  Stalker, Probe  
  82  7:26  Stalker x4  
  82  7:27  Probe  
  92  7:32  Assimilator  
  92  7:36  Assimilator  
  88  7:38  Warp Prism (Chrono Boost)  
  88  7:40  Forge  
  88  7:41  Stalker  
  88  7:47  Stalker  
  88  7:49  Stalker x5, Probe  
  95  7:52  Probe x2  
  97  8:02  Pylon  
  97  8:04  Probe  
  98  8:06  Adept, Pylon  
  98  8:07  Adept  
  98  8:10  Pylon  
  101  8:13  Adept, Protoss Ground Weapons Level 1 (Chrono Boost)  
  101  8:14  Adept x4  
  109  8:22  Adept  
  99  8:36  Stalker  
  99  8:37  Adept x2, Stalker x4  
  112  8:48  Sentry x2  
  113  8:49  Sentry  
  113  8:50  Photon Cannon  
  113  8:54  Probe  
  118  9:05  Stalker x3  
  118  9:06  Stalker  
  126  9:12  Sentry x3  
  126  9:17  Probe x2  
  125  9:30  Adept x3  
  125  9:31  Adept  
  128  9:32  Sentry  
  128  9:37  Adept  
  111  9:46  Stalker  
  111  9:47  Stalker  
  87  10:06  Stalker  
  87  10:07  Stalker  
Show
View Real Time Build Order
Export as new Build Order

星际卡卡西 Zerg - Winner!

Build Orders: Hatch First 

Get SALT Encoding   

  12  0:01  Drone  
  13  0:12  Overlord  
  13  0:17  Drone  
  14  0:31  Drone x2  
  16  0:36  Drone  
  17  0:53  Hatchery  
  17  0:55  Drone  
  17  0:58  Drone  
  18  1:05  Extractor  
  17  1:12  Spawning Pool  
  17  1:16  Drone  
  17  1:19  Drone  
  18  1:28  Drone  
  19  1:39  Overlord  
  19  1:54  Drone  
  20  1:59  Queen  
  23  2:01  Zergling x2  
  23  2:04  Queen  
  25  2:09  Metabolic Boost  
  25  2:13  Zergling x2  
  26  2:16  Drone  
  26  2:17  Drone  
  26  2:22  Drone  
  29  2:26  Drone  
  30  2:40  Hatchery  
  30  2:43  Overlord  
  29  2:45  Drone  
  29  2:48  Drone x2  
  32  2:54  Overlord  
  32  3:01  Drone  
  32  3:04  Queen  
  35  3:08  Zergling x2  
  35  3:13  Zergling x2  
  35  3:16  Drone x6  
  42  3:21  Zergling x2  
  43  3:28  Overlord  
  43  3:32  Drone  
  44  3:39  Overlord  
  44  3:40  Baneling Nest  
  43  3:42  Queen  
  43  3:48  Roach Warren, Drone x2  
  45  3:49  Drone x2  
  45  3:50  Drone  
  45  3:51  Extractor  
  45  3:52  Drone  
  45  3:53  Drone  
  50  4:01  Drone x3  
  53  4:05  Drone  
  55  4:10  Drone x2  
  55  4:16  Lair  
  56  4:18  Drone x3  
  56  4:19  Drone  
  60  4:25  Evolution Chamber, Drone  
  60  4:26  Extractor, Drone x3  
  61  4:35  Zergling x6  
  64  4:42  Pneumatized Carapace  
  64  4:43  Zergling x2  
  65  4:46  Zergling x4  
  65  4:47  Evolution Chamber  
  65  4:49  Extractor  
  65  4:51  Zerg Melee Weapons Level 1  
  65  4:54  Zergling x2  
  65  4:55  Overlord x5  
  65  4:57  Baneling x2  
  65  4:58  Baneling  
  66  5:03  Overlord  
  66  5:04  Overlord  
  66  5:09  Extractor  
  66  5:11  Baneling  
  65  5:16  Drone x6  
  65  5:19  Extractor, Drone  
  71  5:23  Spire, Drone x3  
  71  5:25  Zergling x2, Queen  
  76  5:32  Zergling x10  
  81  5:39  Zergling x2  
  81  5:40  Zergling x8  
  79  5:45  Zergling x2  
  77  5:51  Zergling x2  
  77  5:52  Zergling x8  
  77  5:55  Zergling x2  
  80  6:01  Queen, Baneling  
  80  6:02  Zergling x4, Baneling x3  
  80  6:03  Zergling x2  
  79  6:09  Zergling x2  
  79  6:10  Zergling x6  
  76  6:30  Zergling x2  
  76  6:31  Zergling x16  
  84  6:34  Hatchery  
  84  6:35  Baneling x5  
  84  6:36  Mutalisk x3, Baneling x6  
  89  6:41  Zergling x2  
  89  6:43  Zergling x4  
  89  6:46  Zergling x4  
  89  6:47  Zergling x2  
  95  6:48  Mutalisk x2  
  95  6:50  Zergling x2  
  99  6:58  Zergling x6  
  92  7:03  Zergling x2  
  92  7:08  Zergling x6  
  84  7:09  Zergling x4  
  78  7:16  Zergling x10  
  78  7:18  Queen  
  78  7:19  Mutalisk x2  
  78  7:22  Mutalisk  
  85  7:27  Mutalisk x2  
  85  7:29  Mutalisk  
  86  7:35  Hatchery  
  85  7:39  Mutalisk  
  85  7:44  Drone x2  
  85  7:49  Queen, Drone x3  
  91  7:53  Mutalisk  
  91  7:54  Mutalisk  
  91  7:57  Drone x3  
  98  8:03  Drone x3  
  101  8:06  Drone  
  101  8:11  Mutalisk  
  101  8:12  Mutalisk  
  106  8:22  Mutalisk  
  106  8:26  Zergling x8, Overlord  
  112  8:27  Zergling x2  
  112  8:28  Mutalisk  
  112  8:32  Mutalisk  
  115  8:39  Mutalisk  
  115  8:40  Zergling x2  
  115  8:41  Overlord x2  
  118  8:47  Overlord  
  118  8:50  Mutalisk x2  
  118  8:54  Zergling x2  
  118  8:55  Zergling x2  
  124  8:57  Extractor  
  124  9:00  Zergling x2, Extractor  
  124  9:01  Zergling x8  
  127  9:05  Mutalisk  
  127  9:08  Mutalisk x2  
  133  9:15  Mutalisk  
  130  9:18  Zergling x6  
  130  9:20  Zergling x4  
  130  9:23  Zergling x4  
  136  9:29  Zergling x4  
  136  9:37  Zergling x12  
  136  9:38  Zergling x2  
  135  9:42  Mutalisk x4  
  135  9:44  Zergling x2  
  130  9:46  Zergling x4  
  130  9:51  Zergling x2  
  123  9:55  Zergling x4  
  123  10:01  Zergling x2  
  123  10:03  Zergling x4  
  125  10:09  Mutalisk  
  119  10:17  Mutalisk x3  
  119  10:18  Zergling x8  
  119  10:20  Zergling x2  
  126  10:21  Zergling x2  
  126  10:28  Overlord x2  
  120  10:29  Zergling x4  
  120  10:30  Mutalisk  
  106  10:37  Zergling x2  
  106  10:41  Mutalisk  
  104  10:46  Zergling x6  
  104  10:49  Zergling x6  
  104  10:53  Zergling x2  
  103  10:58  Zergling x2  
  103  11:01  Zergling x4  
  84  11:14  Zergling x6  
  84  11:15  Zergling x2  
Tags
 
Add a new tag
Caveats
  • Supply blocks, unpowered buildings, or Contaminate may cause inaccurate times.
  • Supply counts are checked every 10 seconds.